 Dungeon Crawl Stone Soup version 0.28.0-43-g3370ac3207 (webtiles) character file.

Game seed: 3361802998714879671

282 fknight the Chopper (level 6, -3/56 HPs)
             Began as a Hill Orc Monk on Feb 28, 2022.
             Slain by a scorpion (6 damage)
             ... on level 4 of the Dungeon.
             The game lasted 00:10:44 (4744 turns).

fknight the Chopper (Hill Orc Monk)                 Turns: 4744, Time: 00:10:45

Health: -3/56      AC:  5    Str: 16    XL:     6   Next: 28%
Magic:  15/15      EV: 11    Int: 10    God:
Gold:   170        SH:  0    Dex: 13    Spells: 5/5 levels left

rFire   + . .      SeeInvis .   a - +0 hand axe
rCold   x . .      Faith    .   (no shield)
rNeg    . . .      Spirit   .   k - +0 ring mail
rPois   .          Reflect  .   (no helmet)
rElec   .          Harm     .   (no cloak)
rCorr   .          Rampage  .   (no gloves)
Will    .....                   (no boots)
Stlth   ++........              (no amulet)
HPRegen 0.18/turn               d - ring of fire
MPRegen 0.14/turn               g - ring of magical power

@: lethally poisoned (-3 -> -7)
A: no striking features
a: no special abilities


You were on level 4 of the Dungeon.
You visited 1 branch of the dungeon, and saw 4 of its levels.

You collected 170 gold pieces.

Inventory:

Hand Weapons
 a - a +0 hand axe (weapon)
 n - a +2 flail of holy wrath
 o - a +0 hunting sling
 r - a +3 dagger
 u - a +2 vampiric whip
Missiles
 i - 86 stones (quivered)
 m - 36 arrows
 p - 14 poisoned darts
Armour
 b - a +0 robe
 k - a +0 ring mail (worn)
Magical Staves
 q - a staff of poison
Jewellery
 d - a ring of fire (left hand)
 g - a ring of magical power (right hand)
Wands
 l - a wand of paralysis (8)
Scrolls
 c - a scroll of blinking {unknown}
 f - a scroll of teleportation
 s - a scroll of fear {unknown}
Potions
 e - a potion of invisibility
 h - a potion of mutation
 j - a potion of haste
 t - a potion of degeneration {unknown}


   Skills:
 + Level 5.1 Fighting
 + Level 5.6 Axes
 + Level 3.5 Dodging
 + Level 3.1 Stealth


You had 5 spell levels left.
You didn't know any spells.
Your spell library contained the following spells:

 Spells                   Type           Power      Damage    Failure   Level
 Corpse Rot               Necr/Air       0%         N/A       73%         2
 Ensorcelled Hibernation  Hex/Ice        0%         N/A       73%         2
 Spider Form              Tmut/Pois      0%         N/A       91%         3
 Anguish                  Hex/Necr       0%         N/A       100%        4
 Dispel Undead            Necr           0%         3d6       100%        4
 Death Channel            Necr           0%         N/A       100%        6
 Chain Lightning          Conj/Air       0%         N/A       100%        9
 Fire Storm               Conj/Fire      0%         5d1       100%        9
 Shatter                  Erth           0%         3d5*      100%        9


Dungeon Overview and Level Annotations

Branches:
Dungeon (4/15)
 Temple: D:4-7

Altars:
Cheibriados
Makhleb
Wu Jian


Message History

You hit the scorpion but do no damage.
The scorpion is moderately wounded.
You feel very sick. The scorpion closely misses you.
You hit the scorpion but do no damage.
The scorpion is moderately wounded.
You feel sick. The scorpion closely misses you.
The scorpion stings you but does no damage.
You slash the scorpion!
The scorpion is severely wounded.
You feel sick. The scorpion stings you.
You are more poisoned.
The scorpion poisons you!
You hit the scorpion.
The scorpion is severely wounded.
You feel very sick. The scorpion stings you!
You hit the scorpion.
The scorpion is almost dead.
You feel very sick.
The scorpion stings you but does no damage.
You closely miss the scorpion. You punch the scorpion.
The scorpion is almost dead.
You feel sick. The scorpion closely misses you.
You closely miss the scorpion.
The scorpion is almost dead.
You feel sick. The scorpion stings you!
* * * LOW HITPOINT WARNING * * *
The scorpion stings you!
* * * LOW HITPOINT WARNING * * *
You barely miss the scorpion.
The scorpion is almost dead.
* * * LOW HITPOINT WARNING * * *
You feel sick. The scorpion stings you.
* * * LOW HITPOINT WARNING * * *
You hit the scorpion but do no damage.
The scorpion is almost dead.
* * * LOW HITPOINT WARNING * * *
You feel sick. The scorpion stings you.
You die...

##.#.......# #.##......#
##.......## ##.........#
#..........### ######
#......##....## ......
#..##..#......####....)
#.....###......#.#..#
.#.....# ##.....@....+ ..
......####......s÷...#+#..
.###...#..................
# #..........(...###.....
####....#.........###.....
.#....###...÷...........##
.....###...#÷).......##...
#.##.......(##..........##
..####.......#........<...


You could see a scorpion.

Vanquished Creatures
  An ogre (D:4)
  A scorpion (D:3)
  A howler monkey (D:4)
  2 gnolls (D:2)
  An adder (D:2)
  An adder skeleton (D:4)
  2 worms
  2 dart slugs
  2 orcs (D:4)
  5 ball pythons
  4 endoplasms
  3 giant cockroaches
  3 goblins
  5 hobgoblins
  6 jackals
  6 kobolds
  6 quokkas
  4 bats
  7 frilled lizards
  7 rats
69 creatures vanquished.

Notes
Turn   | Place    | Note
-------+----------+-------------------------------------------
     0 | D:1      | fknight the Hill Orc Monk began the quest for the Orb.
     0 | D:1      | Reached XP level 1. HP: 19/19 MP: 1/1
   557 | D:1      | Reached XP level 2. HP: 23/27 MP: 2/2
  1266 | D:2      | Reached XP level 3. HP: 24/33 MP: 3/3
  2152 | D:2      | Reached XP level 4. HP: 17/40 MP: 4/4
  3053 | D:3      | Found a burning altar of Makhleb.
  3053 | D:3      | Found a snail-covered altar of Cheibriados.
  3615 | D:3      | Noticed a scorpion
  3623 | D:3      | Killed a scorpion
  3624 | D:3      | Reached skill level 5 in Axes
  3624 | D:3      | Reached XP level 5. HP: 21/47 MP: 5/5
  4018 | D:3      | Found an ornate altar of the Wu Jian Council.
  4502 | D:4      | Noticed an ogre
  4510 | D:4      | Killed an ogre
  4511 | D:4      | Reached skill level 5 in Fighting
  4511 | D:4      | Reached XP level 6. HP: 37/56 MP: 6/6
  4744 | D:4      | Slain by a scorpion

Illustrated notes

Levels and vault maps discovered:
D:1:      lightli_arrival_statuegarden, layout_basic, minmay_statues_item,
          kennysheep_boxes
D:2:      layout_basic, kennysheep_crisscross, minmay_hedge_maze
D:3:      layout_basic, lemuel_coloured_pillars_altar, jmf_multi_god_temple
D:4:      layout_cave_pools, serial_shops, kennysheep_mini_moat,
          chequers_hall_statues_corner_a

Skill      XL: |  1  2  3  4  5 |
---------------+----------------+-----
Stealth        | 2 3 |  3.1
Fighting       | 4 5 |  5.1
Dodging        | 3 |  3.5
Axes           | 5 |  5.6

Action                   |  1- 3 |  4- 6 || total
-------------------------+-------+-------++-------
Melee: Hand axe          |   150 |   103 ||   253
       Punch             |     3 |     2 ||     5
       Flail             |       |    21 ||    21
 Fire: Hunting sling     |       |    22 ||    22
Throw: Stone             |    30 |    24 ||    54
  Use: Scroll            |       |     5 ||     5
       Potion            |       |     1 ||     1
 Stab: Sleeping          |     3 |     1 ||     4
Armor: Robe              |    41 |     1 ||    42
       Ring mail         |       |    35 ||    35
Dodge: Dodged            |   103 |    90 ||   193
